3AA
BELVEDERE PARK RAWHIDES @ OTTAWA NATIONALS
08/22/2028
 
TOP OF THE 1ST
Belvedere Park Rawhides batting - Pitching for Ottawa Nationals : RHP Júlio Garrido
Pitching: RHP Júlio Garrido
Batting: LHB Dan O'Day 0-0: Called Strike
0-1: Ground out 4-3 (Groundball, 4D)
Batting: RHB Jorge López 0-0: Ball
1-0: Ball
2-0: Foul Ball, location: 2F
2-1: Fly out, F9 (Flyball, 9S)
Batting: RHB José Pérez 0-0: Ball
1-0: Foul Ball, location: 2F
1-1: Ball
2-1: Fly out, F6 (Popup, 6MD)
Top of the 1st over - 0 run(s), 0 hit(s), 0 error(s), 0 left on base; Belvedere Park 0 - Ottawa 0
BOTTOM OF THE 1ST
Ottawa Nationals batting - Pitching for Belvedere Park Rawhides : RHP Won-u Yi
Pitching: RHP Won-u Yi
Batting: RHB Tomás Bermúdez 0-0: Ball
1-0: Ground out 6-3 (Groundball, 6)
Batting: RHB Miguel González 0-0: Ground out 5-3 (Groundball, 56S)
Batting: RHB Ron Bernard 0-0: Swinging Strike
0-1: Ball
1-1: Foul Ball, location: 2F
1-2: Ball
2-2: Ball
3-2: Fly out, F6 (Popup, 56D)
Bottom of the 1st over - 0 run(s), 0 hit(s), 0 error(s), 0 left on base; Belvedere Park 0 - Ottawa 0
TOP OF THE 2ND
Belvedere Park Rawhides batting - Pitching for Ottawa Nationals : RHP Júlio Garrido
Batting: RHB Ken Burton 0-0: Ball
1-0: Ball
2-0: Ball
3-0: Called Strike
3-1: Foul Ball, location: 2F
3-2: Base on Balls
Batting: RHB Harry Gibson 0-0: Called Strike
0-1: Foul Ball, location: 2F
0-2: Ball
1-2: Strikes out swinging
Batting: RHB D.C. Aiken 0-0: Ball
Ken Burton is caught stealing 2nd base
1-0: Ball
2-0: Ball
3-0: Base on Balls
Batting: RHB José Luque 0-0: Ball
Wild Pitch!
D.C. Aiken to second
1-0: Ball
2-0: Swinging Strike
2-1: Ball
3-1: Base on Balls
Batting: SHB Ed Blackett 0-0: Ball
1-0: Foul Ball, location: 2F
1-1: Foul Ball, location: 2F
1-2: Ground out 1-3 (Groundball, P)
Top of the 2nd over - 0 run(s), 0 hit(s), 0 error(s), 2 left on base; Belvedere Park 0 - Ottawa 0
BOTTOM OF THE 2ND
Ottawa Nationals batting - Pitching for Belvedere Park Rawhides : RHP Won-u Yi
Batting: LHB Ken Stroud 0-0: Called Strike
0-1: Called Strike
0-2: Ball
1-2: Ball
2-2: Foul Ball, location: 2F
2-2: Foul Ball, location: 2F
2-2: Foul Ball, location: 2F
2-2: Ball
3-2: Foul Ball, location: 2F
3-2: Strikes out swinging
Batting: RHB Markus Thompson 0-0: Foul Ball, location: 2F
0-1: Ball
1-1: Fly out, F5 (Popup, 5D)
Batting: RHB Ernest Daniels 0-0: Foul Ball, location: 2F
0-1: Ball
1-1: Ball
2-1: Fly out, F9 (Flyball, 89M)
Bottom of the 2nd over - 0 run(s), 0 hit(s), 0 error(s), 0 left on base; Belvedere Park 0 - Ottawa 0
TOP OF THE 3RD
Belvedere Park Rawhides batting - Pitching for Ottawa Nationals : RHP Júlio Garrido
Batting: RHB Kevin Johnson 0-0: Called Strike
0-1: SINGLE (Line Drive, 4MD)
Batting: LHB Dan O'Day 0-0: Called Strike
0-1: Called Strike
0-2: Ball
Passed Ball!
Kevin Johnson to second
1-2: Foul Ball, location: 2F
1-2: Ball
2-2: Ball
3-2: Foul Ball, location: 2F
3-2: Foul Ball, location: 2F
3-2: Base on Balls
Batting: RHB Jorge López 0-0: Ball
1-0: Ball
2-0: Single, Error in OF, E7, batter to second base
Kevin Johnson scores
Dan O'Day to third
Batting: RHB José Pérez 0-0: Ball
1-0: Ball
Wild Pitch!
Dan O'Day scores
Jorge López to third
2-0: Called Strike
2-1: SINGLE (Groundball, 4MD)
Jorge López scores
Batting: RHB Ken Burton 0-0: Ball
1-0: Grounds into double play, 6-4-3 (Groundball, 6)
Batting: RHB Harry Gibson 0-0: Ball
1-0: Swinging Strike
1-1: Ball
2-1: Fly out, F9 (Flyball, 9LS)
Top of the 3rd over - 3 run(s), 3 hit(s), 1 error(s), 0 left on base; Belvedere Park 3 - Ottawa 0
BOTTOM OF THE 3RD
Ottawa Nationals batting - Pitching for Belvedere Park Rawhides : RHP Won-u Yi
Batting: RHB Duane Wills 0-0: Called Strike
0-1: Called Strike
0-2: Strikes out swinging
Batting: RHB Brandon Carroll 0-0: Ball
1-0: Foul Ball, location: 2F
1-1: Ball
2-1: Ball
3-1: Base on Balls
Batting: LHB Jesús Mancía 0-0: Called Strike
0-1: Ball
1-1: Swinging Strike
1-2: Foul Ball, location: 2F
1-2: Foul Ball, location: 2F
1-2: Fly out, F8 (Flyball, 8LM)
Batting: RHB Tomás Bermúdez 0-0: Called Strike
0-1: Fielders Choice at 2nd, 5-4 (Groundball, 56)
Bottom of the 3rd over - 0 run(s), 0 hit(s), 0 error(s), 0 left on base; Belvedere Park 3 - Ottawa 0
TOP OF THE 4TH
Belvedere Park Rawhides batting - Pitching for Ottawa Nationals : RHP Júlio Garrido
Batting: RHB D.C. Aiken 0-0: Ball
1-0: Ball
2-0: Called Strike
2-1: SINGLE (Groundball, 6MD)
Batting: RHB José Luque 0-0: Ball
1-0: Swinging Strike
1-1: Foul Ball, location: 2F
1-2: Ground out 5-3 (Groundball, 56S)
D.C. Aiken to second
Batting: SHB Ed Blackett 0-0: Ball
1-0: SINGLE (Groundball, 34D)
D.C. Aiken to third
Runner from 3rd tries for Home, SAFE, throw made home
Batting: RHB Kevin Johnson 0-0: Ball
1-0: Called Strike
1-1: Fly out, F4 (Line Drive, 4)
Batting: LHB Dan O'Day 0-0: Called Strike
Ed Blackett steals 2nd base
0-1: Ground out 6-3 (Groundball, 56)
Top of the 4th over - 1 run(s), 2 hit(s), 0 error(s), 1 left on base; Belvedere Park 4 - Ottawa 0
BOTTOM OF THE 4TH
Ottawa Nationals batting - Pitching for Belvedere Park Rawhides : RHP Won-u Yi
Batting: RHB Miguel González 0-0: Ground out 6-3 (Groundball, 6S)
Batting: RHB Ron Bernard 0-0: Ball
1-0: Called Strike
1-1: SINGLE (Line Drive, 78S)
Batting: LHB Ken Stroud 0-0: Called Strike
0-1: Called Strike
0-2: Ball
1-2: Strikes out swinging
Batting: RHB Markus Thompson 0-0: Called Strike
0-1: Foul Ball, location: 2F
0-2: Fielders Choice at 2nd, 5-4 (Groundball, 5)
Bottom of the 4th over - 0 run(s), 1 hit(s), 0 error(s), 0 left on base; Belvedere Park 4 - Ottawa 0
TOP OF THE 5TH
Belvedere Park Rawhides batting - Pitching for Ottawa Nationals : RHP Júlio Garrido
Batting: RHB Jorge López 0-0: Ball
1-0: Ball
2-0: DOUBLE (Line Drive, 7LM)
Batting: RHB José Pérez 0-0: Intentional Walk
Batting: RHB Ken Burton 0-0: SINGLE (Line Drive, 34D)
Jorge López to third
José Pérez to second
Runner from 3rd tries for Home, SAFE, throw made home
José Pérez to third
Ken Burton to second
Batting: RHB Harry Gibson 0-0: Called Strike
0-1: Foul Ball, location: 2F
0-2: Ball
1-2: Ball
2-2: Ball
3-2: SINGLE (Line Drive, 4M)
José Pérez scores
Ken Burton to third
Pitching: RHP Leăo Barro
Batting: RHB D.C. Aiken 0-0: Swinging Strike
0-1: Fly out, F7 (Flyball, 7S)
Batting: RHB José Luque 0-0: Ball
1-0: Called Strike
1-1: Swinging Strike
1-2: Ball
2-2: Ball
3-2: SINGLE (Line Drive, 78S)
Ken Burton scores
Harry Gibson to second
Batting: SHB Ed Blackett 0-0: Ball
1-0: Swinging Strike
1-1: Called Strike
1-2: Strikes out swinging
Batting: RHB Kevin Johnson 0-0: Ball
1-0: Called Strike
1-1: Called Strike
1-2: Ball
2-2: Fly out, F9 (Line Drive, 9S)
Top of the 5th over - 3 run(s), 4 hit(s), 0 error(s), 2 left on base; Belvedere Park 7 - Ottawa 0
BOTTOM OF THE 5TH
Ottawa Nationals batting - Pitching for Belvedere Park Rawhides : RHP Won-u Yi
Batting: RHB Ernest Daniels 0-0: Ball
1-0: Called Strike
1-1: Ground out 4-3 (Groundball, 4)
Batting: RHB Duane Wills 0-0: Called Strike
0-1: SINGLE (Line Drive, 7LS)
Batting: RHB Brandon Carroll 0-0: Ball
Duane Wills is caught stealing 2nd base
1-0: Swinging Strike
1-1: Foul Ball, location: 2F
1-2: Strikes out looking
Bottom of the 5th over - 0 run(s), 1 hit(s), 0 error(s), 0 left on base; Belvedere Park 7 - Ottawa 0
TOP OF THE 6TH
Belvedere Park Rawhides batting - Pitching for Ottawa Nationals : RHP Leăo Barro
Batting: LHB Dan O'Day 0-0: DOUBLE (Line Drive, 9LS)
Batting: RHB Jorge López 0-0: Foul Ball, location: 2F
0-1: Foul Ball, location: 2F
0-2: Ball
1-2: Ball
2-2: DOUBLE (Flyball, 8RXD)
Dan O'Day scores
Batting: RHB José Pérez 0-0: Foul Ball, location: 2F
0-1: Swinging Strike
0-2: Ball
1-2: Ball
2-2: Ball
3-2: Fly out, F4 (Line Drive, 4M)
Batting: RHB Ken Burton 0-0: Hit by Pitch
Batting: RHB Harry Gibson 0-0: Fly out, F9 (Flyball, 9LMF)
Batting: RHB D.C. Aiken 0-0: DOUBLE (Line Drive, 7)
Jorge López scores
Ken Burton to third
Runner from 3rd tries for Home, SAFE, no throw
Batting: RHB José Luque 0-0: Ball
1-0: Called Strike
1-1: Ground out 5-3 (Groundball, 5L)
Top of the 6th over - 3 run(s), 3 hit(s), 0 error(s), 1 left on base; Belvedere Park 10 - Ottawa 0
BOTTOM OF THE 6TH
Ottawa Nationals batting - Pitching for Belvedere Park Rawhides : RHP Won-u Yi
Batting: LHB Jesús Mancía 0-0: Called Strike
0-1: Foul Ball, location: 2F
0-2: Ball
1-2: Strikes out swinging, 2-3 out at first.
Batting: RHB Tomás Bermúdez 0-0: Called Strike
0-1: Foul Ball, location: 2F
0-2: Strikes out swinging
Batting: RHB Miguel González 0-0: Called Strike
0-1: Ball
1-1: Ball
2-1: SINGLE (Line Drive, 7LS)
Batting: RHB Ron Bernard 0-0: Ball
Wild Pitch!
Miguel González to second
1-0: Fly out, F8 (Flyball, 8LM)
Bottom of the 6th over - 0 run(s), 1 hit(s), 0 error(s), 1 left on base; Belvedere Park 10 - Ottawa 0
TOP OF THE 7TH
Belvedere Park Rawhides batting - Pitching for Ottawa Nationals : RHP Leăo Barro
Batting: SHB Ed Blackett 0-0: Called Strike
0-1: Fly out, F2 (Popup, 3S)
Batting: RHB Kevin Johnson 0-0: Ball
1-0: Ground out 5-3 (Groundball, 56S)
Batting: LHB Dan O'Day 0-0: Fly out, F3 (Line Drive, 34)
Top of the 7th over - 0 run(s), 0 hit(s), 0 error(s), 0 left on base; Belvedere Park 10 - Ottawa 0
BOTTOM OF THE 7TH
Ottawa Nationals batting - Pitching for Belvedere Park Rawhides : RHP Won-u Yi
Batting: LHB Ken Stroud 0-0: Ball
1-0: Called Strike
1-1: Ball
2-1: Fly out, F9 (Flyball, 89S)
Batting: RHB Markus Thompson 0-0: Ball
1-0: Ball
2-0: Foul Ball, location: 2F
2-1: Ball
3-1: Foul Ball, location: 2F
3-2: Base on Balls
Batting: RHB Ernest Daniels 0-0: Ball
1-0: Called Strike
1-1: Foul Ball, location: 2F
1-2: Strikes out swinging
Batting: RHB Duane Wills 0-0: Ball
1-0: Ball
2-0: Called Strike
2-1: Ball
3-1: Base on Balls
Markus Thompson to second
Batting: RHB Brandon Carroll 0-0: Called Strike
0-1: Foul Ball, location: 2F
0-2: Foul Ball, location: 2F
0-2: 3-RUN HOME RUN (Flyball, 7D), Distance : 375 ft
Batting: LHB Jesús Mancía 0-0: Foul Ball, location: 2F
0-1: Called Strike
0-2: Ball
1-2: Ground out 4-3 (Groundball, 4)
Bottom of the 7th over - 3 run(s), 1 hit(s), 0 error(s), 0 left on base; Belvedere Park 10 - Ottawa 3
TOP OF THE 8TH
Belvedere Park Rawhides batting - Pitching for Ottawa Nationals : RHP Leăo Barro
Batting: RHB Jorge López 0-0: Foul Ball, location: 2F
0-1: Ball
1-1: Foul Ball, location: 2F
1-2: Ball
2-2: Foul Ball, location: 2F
2-2: Foul Ball, location: 2F
2-2: Ball
3-2: Fly out, F7 (Flyball, 7S)
Batting: RHB José Pérez 0-0: Ball
1-0: Ball
2-0: Called Strike
2-1: Fly out, F9 (Flyball, 89S)
Batting: RHB Ken Burton 0-0: SINGLE (Flyball, 7S)
Batting: RHB Harry Gibson 0-0: Called Strike
Ken Burton is caught stealing 2nd base
Top of the 8th over - 0 run(s), 1 hit(s), 0 error(s), 0 left on base; Belvedere Park 10 - Ottawa 3
BOTTOM OF THE 8TH
Ottawa Nationals batting - Pitching for Belvedere Park Rawhides : RHP Won-u Yi
Pitching: RHP Brian Krick
Batting: RHB Tomás Bermúdez 0-0: Ball
1-0: Called Strike
1-1: Ball
2-1: Ball
3-1: Ground out 5-3 (Groundball, 56)
Batting: RHB Miguel González 0-0: Foul Ball, location: 2F
0-1: Swinging Strike
0-2: Foul Ball, location: 2F
0-2: Ball
1-2: Foul Ball, location: 2F
1-2: Ball
2-2: Foul Ball, location: 2F
2-2: Strikes out swinging
Batting: RHB Ron Bernard 0-0: Swinging Strike
0-1: Fly out, F9 (Flyball, 9S)
Bottom of the 8th over - 0 run(s), 0 hit(s), 0 error(s), 0 left on base; Belvedere Park 10 - Ottawa 3
TOP OF THE 9TH
Belvedere Park Rawhides batting - Pitching for Ottawa Nationals : RHP Leăo Barro
Pitching: LHP Jorge Peralta
Batting: RHB Harry Gibson 0-0: Ball
1-0: Called Strike
1-1: Ground out 5-3 (Groundball, 5)
Batting: RHB D.C. Aiken 0-0: SINGLE (Groundball, 56D)
Batting: RHB José Luque 0-0: Ball
1-0: Called Strike
1-1: Ball
2-1: Ball
3-1: Base on Balls
D.C. Aiken to second
Batting: SHB Ed Blackett 0-0: Ball
1-0: Called Strike
1-1: SINGLE (Line Drive, 7S)
D.C. Aiken to third
José Luque to second
Runner from 3rd tries for Home, SAFE, throw made home
José Luque to third
Ed Blackett to second
Batting: RHB Kevin Johnson 0-0: Swinging Strike
0-1: Swinging Strike
0-2: Ball
1-2: Strikes out swinging
Batting: LHB Dan O'Day 0-0: Swinging Strike
0-1: Swinging Strike
0-2: Strikes out swinging
Top of the 9th over - 1 run(s), 2 hit(s), 0 error(s), 2 left on base; Belvedere Park 11 - Ottawa 3
BOTTOM OF THE 9TH
Ottawa Nationals batting - Pitching for Belvedere Park Rawhides : RHP Brian Krick
Now at 1B: Warren Willis
Now at SS: Charles Rowell
Batting: LHB Ken Stroud 0-0: Called Strike
0-1: Swinging Strike
0-2: Strikes out swinging
Batting: RHB Markus Thompson 0-0: Called Strike
0-1: Ball
1-1: Ball
2-1: Foul Ball, location: 2F
2-2: Fly out, F8 (Flyball, 8RS)
Batting: RHB Ernest Daniels 0-0: Called Strike
0-1: SINGLE (Popup, 3D)
Batting: RHB Duane Wills 0-0: Called Strike
0-1: Swinging Strike
0-2: Ball
1-2: Strikes out swinging
Bottom of the 9th over - 0 run(s), 1 hit(s), 0 error(s), 1 left on base; Belvedere Park 11 - Ottawa 3
Monday, August 28th, 2017 - OOTP Baseball 17.12 Build 75